Map: Abyssal Reef LE

Players

SpeCial

  • Race: Terran Terran
  • Spawn Location: 11:00

Elazer - Winner!

  • Race: Zerg Zerg
  • Spawn Location: 5:00

Event: 2017 WCS Global Finals

VOD

Have the link to the VOD?

Description

Time

  • Played on: Nov. 3, 2017, 3:05 p.m.
  • Length: 9:09

All games in this series

Show
View Real Time Build Order
Export as new Build Order

SpeCial Terran 

Build Orders: Reaper Expand 

Get SALT Encoding   

  12  0:00  SCV  
  13  0:12  SCV  
  14  0:17  Supply Depot  
  14  0:24  SCV  
  15  0:38  SCV  
  15  0:40  Barracks  
  16  0:44  Refinery  
  16  0:50  SCV  
  17  1:03  SCV  
  18  1:15  SCV  
  19  1:28  Reaper, Orbital Command  
  20  1:40  Command Center  
  20  1:50  Supply Depot  
  20  1:53  SCV  
  21  1:59  Marine  
  22  2:04  Factory  
  22  2:08  SCV  
  23  2:13  Refinery  
  23  2:20  SCV  
  23  2:22  Barracks Reactor  
  24  2:32  SCV  
  25  2:44  SCV  
  25  2:50  Starport  
  26  2:51  Orbital Command  
  26  2:56  SCV  
  27  3:04  Hellion x2  
  31  3:06  Barracks Tech Lab  
  31  3:08  SCV  
  32  3:17  SCV  
  32  3:18  Supply Depot  
  33  3:20  SCV  
  33  3:25  Hellion x2  
  38  3:29  SCV  
  38  3:32  SCV  
  38  3:33  Viking  
  42  3:41  Supply Depot, SCV  
  43  3:44  SCV  
  44  3:53  SCV  
  49  3:57  SCV  
  49  4:01  Command Center  
  46  4:04  Raven  
  46  4:08  SCV  
  46  4:09  SCV, Barracks Tech Lab  
  50  4:11  Hellion  
  50  4:15  Hellion  
  54  4:17  Supply Depot  
  54  4:20  SCV  
  55  4:25  SCV  
  55  4:29  Stimpack, Marine  
  57  4:37  Hellion x2  
  61  4:38  SCV  
  61  4:39  SCV  
  63  4:46  Supply Depot, Marine  
  63  4:51  SCV x2  
  68  5:03  SCV x2  
  68  5:06  Barracks  
  70  5:07  Factory Reactor  
  70  5:08  Barracks, Bunker  
  70  5:13  Bunker  
  70  5:14  Marine, Siege Tank  
  71  5:15  Orbital Command, Bunker  
  71  5:19  SCV x2  
  74  5:21  Viking  
  75  5:33  SCV x2  
  77  5:46  Siege Tank  
  62  5:58  Marine x4  
  37  6:14  SCV  
  37  6:16  Marine  
  36  6:24  Marine  
  37  6:28  SCV  
  32  6:35  SCV  
  32  6:38  SCV  
  34  6:40  Marine x2  
  34  6:44  Marine  
  37  6:47  SCV  
  37  6:48  SCV  
  37  6:51  Marine  
  40  6:55  SCV  
  40  6:59  SCV, Marine x2  
  44  7:02  Marine  
  44  7:03  Medivac  
  44  7:06  SCV  
  48  7:09  SCV, Marine  
  48  7:11  SCV  
  51  7:17  Marine x2  
  51  7:20  SCV, Marine  
  51  7:21  SCV  
  56  7:23  SCV  
  56  7:27  Marine  
  58  7:30  Supply Depot  
  58  7:32  SCV  
  58  7:35  Marine x2  
  58  7:36  SCV x2  
  62  7:37  Marine  
  63  7:44  SCV  
  63  7:45  Marine  
  65  7:53  Supply Depot  
  65  7:54  Marine  
  65  7:55  Marine x2  
  65  7:58  SCV  
  69  8:01  Medivac  
  71  8:10  Marine  
  71  8:12  Marine  
  63  8:14  Marine  
  63  8:17  SCV x2  
  63  8:19  Marine  
  44  8:27  SCV  
  44  8:28  Marine  
  44  8:29  SCV x2  
  44  8:30  Marine  
  44  8:32  Marine  
  50  8:37  Marine  
  50  8:39  SCV  
  55  8:42  SCV  
  55  8:43  SCV  
  55  8:45  Marine  
  55  8:48  Marine  
  59  8:49  Marine  
  59  8:51  SCV  
  59  8:54  SCV  
  63  8:55  Barracks Reactor  
Show
View Real Time Build Order
Export as new Build Order

Elazer Zerg - Winner!

Build Orders: Hatch First 

Get SALT Encoding   

  12  0:00  Drone  
  13  0:12  Overlord  
  13  0:16  Drone  
  14  0:30  Drone x2  
  16  0:48  Hatchery  
  15  0:51  Drone  
  15  0:55  Drone  
  17  1:08  Spawning Pool  
  16  1:12  Drone  
  16  1:15  Extractor  
  16  1:18  Drone  
  16  1:21  Drone  
  18  1:29  Drone  
  19  1:38  Overlord  
  19  1:49  Drone  
  20  1:55  Queen  
  20  1:59  Queen  
  20  2:00  Zergling x2  
  25  2:02  Zergling x2  
  26  2:11  Drone  
  27  2:20  Metabolic Boost  
  27  2:32  Hatchery  
  27  2:35  Drone  
  27  2:38  Drone  
  27  2:41  Drone  
  29  2:45  Drone  
  29  2:47  Drone  
  29  2:50  Drone  
  32  2:55  Pneumatized Carapace  
  32  3:01  Overlord  
  32  3:05  Drone  
  33  3:09  Drone  
  33  3:10  Drone  
  33  3:11  Drone  
  36  3:21  Drone x3  
  36  3:24  Drone  
  40  3:29  Drone  
  40  3:32  Overlord  
  41  3:40  Zergling x4  
  41  3:41  Zergling x2  
  44  3:50  Overlord  
  44  3:51  Drone  
  44  3:55  Extractor, Queen, Roach Warren  
  43  3:56  Queen  
  43  3:59  Drone x3  
  43  4:01  Drone  
  51  4:03  Drone  
  51  4:05  Drone  
  53  4:14  Extractor, Overlord  
  53  4:15  Drone  
  53  4:16  Evolution Chamber  
  52  4:17  Zergling x2  
  52  4:22  Overlord  
  52  4:35  Queen  
  52  4:37  Roach  
  52  4:38  Roach x5  
  66  4:46  Roach x3  
  72  4:53  Overlord  
  72  4:55  Roach x2  
  72  4:58  Roach  
  78  5:03  Zergling x2  
  78  5:04  Zergling x4  
  78  5:06  Overlord  
  81  5:09  Zergling x2  
  82  5:19  Zergling x12  
  88  5:21  Ravager x2  
  88  5:26  Ravager  
  91  5:30  Overlord  
  91  5:33  Ravager  
  92  5:36  Zergling x6  
  94  5:43  Zergling x6  
  94  5:48  Ravager x2  
  96  5:50  Zergling x12  
  85  6:04  Zergling x8  
  72  6:13  Zergling x6  
  72  6:15  Queen x2  
  72  6:18  Queen  
  73  6:19  Drone  
  73  6:21  Drone  
  74  6:27  Drone  
  74  6:28  Drone  
  74  6:29  Drone  
  74  6:30  Drone  
  65  6:40  Zerg Ground Armor Level 1, Drone x3  
  68  6:48  Drone  
  68  6:49  Drone x4  
  68  6:51  Lair  
  68  6:53  Drone  
  74  6:54  Drone  
  74  6:56  Drone  
  74  6:59  Roach  
  78  7:04  Roach  
  78  7:05  Overlord  
  78  7:06  Drone  
  81  7:09  Extractor  
  81  7:11  Extractor  
  81  7:14  Zergling x6  
  82  7:17  Drone x2  
  82  7:19  Roach x2  
  82  7:22  Ravager  
  89  7:23  Zergling x2  
  89  7:24  Zergling x4  
  89  7:26  Zergling x4  
  94  7:34  Overlord  
  94  7:36  Overlord, Drone x3  
  97  7:41  Zergling x2  
  94  7:46  Drone  
  94  7:47  Evolution Chamber  
  94  7:48  Overlord  
  94  7:49  Ravager, Zergling x6  
  98  7:53  Zergling x8  
  98  7:54  Ravager x2  
  98  7:57  Hatchery  
  103  8:01  Roach x2  
  103  8:04  Roach x2  
  111  8:10  Zergling x4  
  104  8:15  Zergling x2  
  104  8:16  Zergling x8  
  101  8:25  Zergling x10  
  103  8:29  Hydralisk Den  
  103  8:33  Zergling x6  
  105  8:39  Overlord, Drone  
  105  8:40  Drone x2  
  108  8:43  Drone  
  108  8:44  Drone x2  
  108  8:47  Overlord  
  111  8:50  Extractor  
  111  8:53  Drone x2  
Tags
 
Add a new tag
Caveats
  • Supply blocks, unpowered buildings, or Contaminate may cause inaccurate times.
  • Supply counts are checked every 10 seconds.